[Event "Titled Tuesday Blitz April 18 Early 2023"]
[White "Sandholm, Klas"]
[Black "Garrido, Denis"]
[WhiteFideId "510203"]
[BlackFideId "601217"]
[WhiteElo "2125"]
[BlackElo "2320"]
[Result "0-1"]
[Round "06"]
[TimeControl "180+2"]
[Date "2023.04.18"]
[WhiteClock "0:00:01"]
[BlackClock "0:00:06"]

1. d4 Nf6 2. c4 g6 3. Nf3 Bg7 4. g3 O-O 5. Bg2 d6 6. O-O Nc6 7. Nc3 Bf5 8. d5 Na5 9. Qa4 c5 10. dxc6 Nxc6 11. Rd1 Ne4 12. Nd5 Nc5 13. Qa3 Bc2 14. Re1 Rc8 15. Bd2 Ne4 16. Be3 e6 17. Rac1 exd5 18. Rxc2 dxc4 19. Rxc4 d5 20. Rcc1 Qf6 21. Rc2 Rfe8 22. Rd1 Rcd8 23. b4 d4 24. Bf4 Nc3 25. Rdd2 h6 26. h4 Qe7 27. Qb3 Qxb4 28. e3 dxe3 29. Bxe3 Qxb3 30. axb3 Nb4 31. Rxd8 Rxd8 32. Rd2 Rxd2 33. Bxd2 Nc6 34. Kf1 h5 35. Ng5 Kf8 36. Ne4 Ke7 37. Nxc3 Nd4 38. b4 Nb3 39. Ke2 b6 40. Nd5+ Kd6 41. Ne3 a5 42. bxa5 bxa5 43. Bd5 Nd4+ 44. Kd3 a4 45. Bxf7 a3 46. Nc4+ Ke7 47. Bxg6 a2 48. Bc3 Ne6 49. Ne5 Kd6 50. f4 Nc5+ 51. Kc2 Ne4 52. Ba1 Nxg3 53. Kb3 Kd5 54. Kxa2 Bf6 0-1


[Site "https://www.chess.com"]

[Event "Titled Tuesday Blitz April 18 Early 2023"]
[White "Theytookourjobs"]
[Black "Necula, Iulian"]
[BlackFideId "1232380"]
[WhiteElo "2310"]
[BlackElo "1790"]
[Result "1-0"]
[Round "06"]
[TimeControl "180+2"]
[Date "2023.04.18"]
[WhiteClock "0:01:11"]
[BlackClock "0:01:53"]

1. d4 d6 2. f4 Nf6 3. Nf3 g6 4. c4 Bg7 5. Nc3 O-O 6. e3 c5 7. Be2 cxd4 8. exd4 Nc6 9. O-O a6 10. h3 h6 11. Be3 e6 12. Rc1 b6 13. Bd3 Bb7 14. Qd2 Nb4 15. Bb1 d5 16. c5 bxc5 17. dxc5 Ne4 18. Nxe4 dxe4 19. Qxb4 exf3 20. Qxb7 fxg2 21. Qxg2 Rb8 22. b3 Qf6 23. Rfd1 Rfd8 24. c6 Rxd1+ 25. Rxd1 Rc8 26. Qe4 Qh4 27. Kg2 1-0


[Site "https://www.chess.com"]

[Event "Titled Tuesday Blitz April 18 Early 2023"]
[White "Ng, Gary"]
[Black "Hartikainen, Jarmo"]
[WhiteFideId "2604914"]
[BlackFideId "503134"]
[WhiteElo "2308"]
[BlackElo "2106"]
[Result "1-0"]
[Round "06"]
[TimeControl "180+2"]
[Date "2023.04.18"]
[WhiteClock "0:01:37"]
[BlackClock "0:00:10"]

1. d4 Nf6 2. Bf4 d5 3. e3 Bf5 4. c4 e6 5. Nc3 c6 6. Qb3 Qb6 7. c5 Qxb3 8. axb3 Nbd7 9. b4 Be7 10. b5 O-O 11. bxc6 bxc6 12. Ba6 e5 13. Bg3 exd4 14. exd4 Rae8 15. Nge2 Bxc5 16. dxc5 Nxc5 17. Bd6 Nxa6 18. Rxa6 Bd3 19. Rxa7 Rxe2+ 20. Nxe2 Re8 21. Re7 1-0


[Site "https://www.chess.com"]

[Event "Titled Tuesday Blitz April 18 Early 2023"]
[White "Fajdetic, Hrvoje"]
[Black "Osiecki, Stanislaw"]
[WhiteFideId "14501945"]
[BlackFideId "1102990"]
[WhiteElo "2185"]
[BlackElo "2088"]
[Result "1-0"]
[Round "06"]
[TimeControl "180+2"]
[Date "2023.04.18"]
[WhiteClock "0:00:55"]
[BlackClock "0:00:41"]

1. f4 d5 2. Nf3 c5 3. e3 Bg4 4. b3 Nc6 5. Bb5 Nf6 6. Bxc6+ bxc6 7. Bb2 e6 8. O-O Be7 9. d3 O-O 10. Qe1 Bxf3 11. Rxf3 Nd7 12. e4 d4 13. Nd2 e5 14. f5 Nb6 15. Rh3 Bg5 16. Bc1 Be3+ 17. Kh1 a5 18. a4 Nd7 19. Nf3 Bxc1 20. Rxc1 Nf6 21. Qh4 Qe7 22. g4 Ra7 23. g5 h6 24. gxf6 Qxf6 25. Qxf6 gxf6 26. Rxh6 Re8 27. Rxf6 Kf8 28. Rxc6 Ke7 29. Nxe5 f6 30. Re6+ 1-0


[Site "https://www.chess.com"]

[Event "Titled Tuesday Blitz April 18 Early 2023"]
[White "Thomas, Anysia"]
[Black "Rosenberg, Evan S"]
[WhiteFideId "670472"]
[BlackFideId "2019299"]
[WhiteElo "2091"]
[BlackElo "2291"]
[Result "1-0"]
[Round "06"]
[TimeControl "180+2"]
[Date "2023.04.18"]
[WhiteClock "0:00:02"]
[BlackClock "0:00:01"]

1. d4 d5 2. c4 e6 3. Nf3 c5 4. g3 dxc4 5. Bg2 Nc6 6. Qa4 cxd4 7. Nxd4 Qxd4 8. Bxc6+ Bd7 9. Bxd7+ Qxd7 10. Qxc4 Rc8 11. Qf4 g5 12. Qd2 Bg7 13. Nc3 Qc6 14. Ne4 Qxe4 15. O-O Bf6 16. Qa5 Ne7 17. Bxg5 Qe5 18. Qa4+ b5 19. Bxf6 Qxf6 20. Qxb5+ Kf8 21. Qb7 Kg7 22. Qxa7 Nd5 23. e4 Nb4 24. Qb7 Rb8 25. Qc7 Rhc8 26. Qd6 Nc2 27. Rac1 Qd4 28. Qf4 Nb4 29. Qg4+ Kh8 30. Qf4 Kg7 31. Qg4+ Kf8 32. Qf4 Ke7 33. Qg5+ Qf6 34. Qe3 Rxc1 35. Rxc1 Qxb2 36. Qc5+ Kf6 37. e5+ 1-0


[Site "https://www.chess.com"]

[Event "Titled Tuesday Blitz April 18 Early 2023"]
[White "Tyagi, Kushan"]
[Black "Sanchez, Robert"]
[WhiteFideId "2040069"]
[BlackFideId "2034360"]
[WhiteElo "2281"]
[BlackElo "1969"]
[Result "1-0"]
[Round "06"]
[TimeControl "180+2"]
[Date "2023.04.18"]
[WhiteClock "0:00:12"]
[BlackClock "0:01:11"]

1. d4 Nf6 2. c4 e6 3. g3 c5 4. d5 b5 5. dxe6 fxe6 6. Bg2 d5 7. cxb5 a6 8. Nc3 Bd6 9. Nf3 O-O 10. O-O Ra7 11. e4 d4 12. e5 dxc3 13. exd6 axb5 14. bxc3 Nd5 15. c4 bxc4 16. Ne5 Qf6 17. f4 Rd8 18. Bxd5 exd5 19. Qxd5+ Be6 20. Qxc5 Rb7 21. Be3 Nd7 22. Qc6 Nxe5 23. Qxb7 Ng4 24. Bc5 Rxd6 25. Bxd6 Qd4+ 26. Kg2 Bd5+ 27. Qxd5+ Qxd5+ 28. Rf3 Qxd6 29. Re1 h5 30. h3 Qd2+ 31. Kf1 1-0


[Site "https://www.chess.com"]

[Event "Titled Tuesday Blitz April 18 Early 2023"]
[White "Mihajlovskij"]
[Black "lluiss"]
[WhiteElo "1960"]
[BlackElo "2280"]
[Result "0-1"]
[Round "06"]
[TimeControl "180+2"]
[Date "2023.04.18"]
[WhiteClock "0:00:19"]
[BlackClock "0:00:16"]

1. e4 c5 2. Nf3 d6 3. d4 cxd4 4. Qxd4 Nc6 5. Bb5 Bd7 6. Bxc6 Bxc6 7. Nc3 Nf6 8. Bg5 e6 9. O-O-O Be7 10. Rhe1 O-O 11. Qd3 Qa5 12. Kb1 Rfc8 13. h4 Rab8 14. Nd4 b5 15. Bxf6 Bxf6 16. Nb3 Qb6 17. f3 a5 18. Ne2 d5 19. Nbd4 dxe4 20. fxe4 Rd8 21. Qe3 e5 22. Nf5 Qxe3 23. Nxe3 Bxh4 24. g3 Bg5 25. Nd5 Rd7 26. Ng1 Rbd8 27. Nf3 Bf6 28. g4 Bxd5 29. exd5 Rxd5 30. Rxd5 Rxd5 31. g5 Be7 32. Nxe5 Bxg5 33. Nc6 h5 34. Nxa5 h4 35. c4 bxc4 36. Nxc4 h3 37. Rh1 Rd3 38. Ne5 Re3 39. Ng4 Rg3 40. Nf2 Rg2 41. Nxh3 Bf6 42. Rg1 Rxb2+ 43. Kc1 Rxa2 44. Rg4 Rh2 45. Nf4 Rh4 46. Rxh4 Bxh4 47. Ng2 Bg5+ 48. Kd1 f5 49. Ke2 g6 50. Kf3 Kf7 51. Ne1 Bf6 52. Nd3 Bd4 53. Nf4 Kf6 54. Nd5+ Kg5 55. Nf4 Be5 56. Nd5 Bd6 57. Nc3 Kf6 58. Nd5+ Ke5 59. Nf4 g5 60. Ng6+ Kf6 61. Nh8 Kg7 62. Nf7 Kxf7 0-1


[Site "https://www.chess.com"]

[Event "Titled Tuesday Blitz April 18 Early 2023"]
[White "Smietanska, Wiktoria"]
[Black "Vargas, Mauricio"]
[WhiteFideId "21869359"]
[BlackFideId "4404572"]
[WhiteElo "1995"]
[BlackElo "1998"]
[Result "1-0"]
[Round "06"]
[TimeControl "180+2"]
[Date "2023.04.18"]
[WhiteClock "0:01:10"]
[BlackClock "0:00:01"]

1. c4 d6 2. Nc3 e5 3. g3 Nc6 4. Bg2 f5 5. e3 Bd7 6. d4 e4 7. Nge2 Nf6 8. h4 g6 9. Nf4 Bg7 10. O-O O-O 11. Rb1 Nb4 12. Qb3 Nc6 13. c5+ Kh8 14. cxd6 cxd6 15. Qxb7 Rb8 16. Qa6 Rb6 17. Qe2 Nb4 18. a3 Nc6 19. b4 Ne7 20. Qa2 Qc7 21. Bd2 h6 22. Rfc1 g5 23. Ncd5 Qb8 24. Nxb6 axb6 25. hxg5 hxg5 26. Ne2 Kh7 27. a4 Kg6 28. a5 Rh8 29. a6 Qg8 30. a7 Bc6 31. Qxg8 Rxg8 32. b5 1-0


[Site "https://www.chess.com"]

[Event "Titled Tuesday Blitz April 18 Early 2023"]
[White "Coelho, Ramyres Santana"]
[Black "Semenova, Alina"]
[WhiteFideId "2120690"]
[BlackFideId "24113875"]
[WhiteElo "1888"]
[BlackElo "1833"]
[Result "1-0"]
[Round "06"]
[TimeControl "180+2"]
[Date "2023.04.18"]
[WhiteClock "0:02:08"]
[BlackClock "0:00:38"]

1. e4 e5 2. Nf3 Nf6 3. d4 Nxe4 4. Nxe5 d5 5. Bd3 Bd6 6. O-O O-O 7. f3 Nf6 8. Nc3 c6 9. Bg5 h6 10. Bh4 Nbd7 11. f4 Qb6 12. Bf2 Qxb2 13. Ne2 Ne4 14. Bxe4 dxe4 15. Ng3 f5 16. Ng6 Rf7 17. Nh4 Qb5 18. Be3 Nf6 19. a4 Qd5 20. c4 Qxc4 21. Nhxf5 Bxf5 22. Nxf5 Nd5 23. Nxd6 1-0


[Site "https://www.chess.com"]

[Event "Titled Tuesday Blitz April 18 Early 2023"]
[White "Jiganchine, Roman"]
[Black "Butolo, Alexandru-Mircea"]
[WhiteFideId "2603667"]
[BlackFideId "1261649"]
[WhiteElo "2269"]
[BlackElo "1861"]
[Result "0-1"]
[Round "06"]
[TimeControl "180+2"]
[Date "2023.04.18"]
[WhiteClock "0:00:16"]
[BlackClock "0:00:32"]

1. e4 c5 2. Nf3 Nc6 3. Bb5 e6 4. O-O Nge7 5. Re1 a6 6. Bf1 g6 7. c3 Bg7 8. Na3 O-O 9. Nc2 d5 10. exd5 exd5 11. h3 Bf5 12. Ne3 Qd7 13. d4 cxd4 14. Nxd4 Nxd4 15. cxd4 Rac8 16. b3 Qd6 17. a4 Be6 18. Ba3 Qd7 19. Rc1 Rfe8 20. Qd2 Rxc1 21. Rxc1 Nc6 22. Bb2 Qd8 23. Ng4 Bxg4 24. hxg4 Qb6 25. Re1 Rxe1 26. Qxe1 Bxd4 27. Qe8+ Kg7 28. Qe3 Qa7 29. Bd3 Bxb2 30. Qxa7 Nxa7 0-1


[Site "https://www.chess.com"]

[Event "Titled Tuesday Blitz April 18 Early 2023"]
[White "guillan"]
[Black "Prado, Alexandra"]
[BlackFideId "3301346"]
[WhiteElo "2042"]
[BlackElo "1759"]
[Result "1-0"]
[Round "06"]
[TimeControl "180+2"]
[Date "2023.04.18"]
[WhiteClock "0:00:08"]
[BlackClock "0:00:01"]

1. d4 Nf6 2. c4 g6 3. Nc3 Bg7 4. e4 O-O 5. f3 d6 6. Be3 Nc6 7. Qd2 a6 8. Bd3 e5 9. Nge2 exd4 10. Nxd4 Re8 11. O-O Rb8 12. Rfd1 Ne5 13. Nd5 Nxd5 14. cxd5 Nxd3 15. Qxd3 Bd7 16. Rac1 Rc8 17. Qb3 b5 18. Nc6 Bxc6 19. Rxc6 Qf6 20. Bd4 Qf4 21. Bxg7 Kxg7 22. Rdc1 Re7 23. g3 Qg5 24. Qc3+ f6 25. Kf2 h5 26. Qe3 Qe5 27. Qc3 Qg5 28. Rc2 h4 29. Qd2 hxg3+ 30. hxg3 Qh5 31. Ke3 Qh6+ 32. Kd3 Qh5 33. Qg2 Qe5 34. f4 Qh5 35. Qe2 f5 36. Qxh5 fxe4+ 37. Kd4 gxh5 38. Rxd6 cxd6 39. Rxc8 e3 40. Rc1 e2 41. Re1 Kf6 42. Kd3 Kf5 43. Rxe2 Rxe2 44. Kxe2 Kg4 45. Ke3 a5 46. b3 b4 47. Kf2 Kf5 48. Kf3 Kf6 49. g4 hxg4+ 50. Kxg4 Kg6 51. f5+ Kf6 52. Kf4 Kf7 53. Kg5 Kg7 54. f6+ Kf7 55. Kf5 Ke8 56. Ke6 Kf8 57. Kxd6 1-0


[Site "https://www.chess.com"]

[Event "Titled Tuesday Blitz April 18 Early 2023"]
[White "Kohler, Aran"]
[Black "Yanayt, Eugene"]
[WhiteFideId "1002856"]
[BlackFideId "2020165"]
[WhiteElo "2242"]
[BlackElo "2083"]
[Result "1-0"]
[Round "06"]
[TimeControl "180+2"]
[Date "2023.04.18"]
[WhiteClock "0:00:06"]
[BlackClock "0:00:09"]

1. d4 Nf6 2. Nf3 g6 3. Bg5 Bg7 4. Nbd2 d5 5. e3 O-O 6. Bd3 c5 7. c3 Qb6 8. b3 Nc6 9. Rc1 Bf5 10. Bxf5 gxf5 11. h4 Ne4 12. Nxe4 fxe4 13. Nd2 e5 14. dxc5 Qxc5 15. h5 h6 16. Bh4 f5 17. O-O Rf7 18. b4 Qd6 19. b5 Nd8 20. c4 d4 21. c5 Qd7 22. Bxd8 Qxd8 23. Nc4 Qg5 24. Nd6 Rd7 25. Qb3+ Kh7 26. Qe6 Rad8 27. Qxf5+ Qxf5 28. Nxf5 d3 29. Rfd1 Rc7 30. Nd6 Bf8 31. Nxe4 Rd5 32. Rc3 Kg7 33. Rdxd3 Rxd3 34. Rxd3 Kf7 35. Rc3 Ke6 36. f3 Kd5 37. Nf6+ Ke6 38. Ne4 Kd5 39. g4 Be7 40. Kf2 Ke6 41. Kg3 Rd7 42. a4 Rc7 43. a5 Rd7 44. b6 axb6 45. axb6 Rd1 46. c6 bxc6 47. Rxc6+ Kd7 48. Rxh6 Rb1 49. Rg6 Rg1+ 50. Kf2 Rb1 51. h6 Bh4+ 52. Ke2 Rb2+ 53. Kd3 Be1 54. h7 Rh2 55. Rg7+ Kc6 56. b7 Ba5 57. b8=Q Kd5 58. Qd6# 1-0


[Site "https://www.chess.com"]

[Event "Titled Tuesday Blitz April 18 Early 2023"]
[White "Fernandez Barrera, Victor"]
[Black "Thiel, Thomas"]
[WhiteFideId "2261529"]
[BlackFideId "4615964"]
[WhiteElo "2211"]
[BlackElo "2165"]
[Result "1-0"]
[Round "06"]
[TimeControl "180+2"]
[Date "2023.04.18"]
[WhiteClock "0:01:35"]
[BlackClock "0:00:07"]

1. g3 d5 2. Bg2 Nf6 3. Nf3 g6 4. O-O Bg7 5. d4 O-O 6. Bf4 c5 7. c3 cxd4 8. cxd4 Nc6 9. Nc3 Bf5 10. Qb3 Ne4 11. Qxb7 Na5 12. Qc7 Qxc7 13. Bxc7 Nxc3 14. bxc3 Nc4 15. Bf4 e6 16. Nd2 Nxd2 17. Bxd2 Rfc8 18. h3 Rab8 19. g4 Bc2 20. Rfc1 Ba4 21. Rab1 Bb5 22. Kf1 Bc4 23. a4 Bf8 24. Bf4 Rb6 25. Rxb6 axb6 26. Rb1 Rc6 27. Ke1 b5 28. axb5 Rb6 29. e4 dxe4 30. Bxe4 Rxb5 31. Rxb5 Bxb5 32. Kd2 f5 33. Bd3 Bc6 34. g5 Kf7 35. c4 Bg2 36. h4 Ke7 37. Bc2 Bc6 38. Kc3 Kd7 39. c5 Bd5 40. Bb3 Bxb3 41. Kxb3 Kc6 42. Kc4 Be7 43. Be5 Bf8 44. Bf6 h6 45. f4 hxg5 46. hxg5 Kd7 47. d5 exd5+ 48. Kxd5 Kc7 49. Be5+ Kd7 50. c6+ 1-0


[Site "https://www.chess.com"]

[Event "Titled Tuesday Blitz April 18 Early 2023"]
[White "Barria Santos, Jose Guilherme"]
[Black "Quispe Santacruz, Javier"]
[WhiteFideId "1939300"]
[BlackFideId "3800920"]
[WhiteElo "2266"]
[BlackElo "1875"]
[Result "1-0"]
[Round "06"]
[TimeControl "180+2"]
[Date "2023.04.18"]
[WhiteClock "0:01:11"]
[BlackClock "0:00:32"]

1. e4 c5 2. Nf3 d6 3. d4 cxd4 4. Nxd4 Nf6 5. Nc3 g6 6. Be3 Bg7 7. f3 O-O 8. Qd2 Nc6 9. Bc4 Bd7 10. O-O-O Rc8 11. Bb3 Nxd4 12. Bxd4 b5 13. h4 a5 14. Nd5 Nxd5 15. Bxg7 Kxg7 16. Bxd5 e6 17. h5 g5 18. f4 exd5 19. fxg5 dxe4 20. Qd4+ f6 21. Rdf1 Rc4 22. Qxd6 Qc7 23. gxf6+ 1-0


[Site "https://www.chess.com"]

[Event "Titled Tuesday Blitz April 18 Early 2023"]
[White "ryutherunner"]
[Black "Sankalan Shah"]
[BlackFideId "25600362"]
[WhiteElo "2115"]
[BlackElo "2118"]
[Result "1-0"]
[Round "06"]
[TimeControl "180+2"]
[Date "2023.04.18"]
[WhiteClock "0:01:38"]
[BlackClock "0:00:46"]

1. d4 Nf6 2. c4 e6 3. Nc3 Bb4 4. Qb3 c5 5. Nf3 Nc6 6. e3 O-O 7. Bd2 d5 8. dxc5 Bxc5 9. cxd5 exd5 10. a3 d4 11. Na4 dxe3 12. fxe3 Be6 13. Qc2 Be7 14. Be2 Rc8 15. Nc3 Qb6 16. Na4 Nd4 17. Nxd4 Rxc2 18. Nxb6 Rxb2 19. Na4 Ne4 20. Nxb2 1-0


[Site "https://www.chess.com"]

[Event "Titled Tuesday Blitz April 18 Early 2023"]
[White "Fabris, Alberto"]
[Black "rionelG"]
[WhiteFideId "801348"]
[WhiteElo "2107"]
[BlackElo "2189"]
[Result "0-1"]
[Round "06"]
[TimeControl "180+2"]
[Date "2023.04.18"]
[WhiteClock "0:00:03"]
[BlackClock "0:00:01"]

1. e4 c5 2. Nf3 d6 3. Bb5+ Nd7 4. O-O a6 5. Be2 Ngf6 6. d3 g6 7. c3 b6 8. Nbd2 Bb7 9. Re1 Bg7 10. Nf1 O-O 11. Ng3 Rc8 12. Bf1 Ne5 13. Bf4 Nxf3+ 14. Qxf3 e5 15. Bg5 h6 16. Be3 d5 17. Rad1 Qc7 18. Bc1 Rfe8 19. Bxh6 Nxe4 20. Bxg7 Nxg3 21. Bxe5 Rxe5 22. Qxg3 Rxe1 23. Rxe1 Qxg3 24. hxg3 d4 25. Re7 Bd5 26. c4 Be6 27. Rb7 b5 28. cxb5 axb5 29. a3 c4 30. Rxb5 c3 31. bxc3 dxc3 32. Rb1 c2 33. Rc1 Rc3 34. f3 Ba2 35. Kf2 Bb1 36. Ke3 Rxa3 37. Kd2 Kg7 38. d4 Ra4 39. Kc3 Ra3+ 40. Kb4 Re3 41. Kc4 Kf6 42. Bd3 Ke6 43. Kc3 Kd5 44. Kd2 Kxd4 45. Bxc2 Bxc2 46. Rxc2 Ra3 47. Ke2 f5 48. Rd2+ Ke5 49. Kf2 g5 50. Re2+ Kd4 51. Re8 Ra2+ 52. Kg1 Kd5 53. Kh2 Ra6 54. Rg8 Rh6+ 55. Kg1 Rh5 56. Kf2 Ke5 57. Re8+ Kf6 58. Ra8 Rh7 59. Ra6+ Ke5 60. Ke3 f4+ 61. gxf4+ gxf4+ 62. Kf2 Rb7 63. Ra5+ Kf6 64. Kg1 Rb2 65. Kh2 Rb8 66. Kh3 Rg8 67. Kh2 Rh8+ 68. Kg1 Rb8 69. Ra4 Kf5 70. Ra5+ Kf6 71. Rc5 Ra8 72. Kh2 Rh8+ 73. Kg1 Ra8 74. Rc2 Kf5 75. Kf2 Ra3 76. Rb2 Rc3 77. g3 fxg3+ 78. Kxg3 Rc4 79. Rb5+ Kf6 80. f4 Rc1 81. Kf3 Rf1+ 82. Ke3 Re1+ 83. Kf2 Re4 84. Kf3 Re1 85. Rb6+ Kf5 86. Rb5+ Kf6 87. Rb4 Rf1+ 88. Kg2 Re1 89. Kg3 Rg1+ 90. Kf2 Rd1 91. Ke3 Re1+ 92. Kf3 Rc1 93. Re4 Rf1+ 94. Kg2 Rc1 95. Kg3 Rg1+ 96. Kf2 Rc1 97. Rb4 Rd1 0-1


[Site "https://www.chess.com"]

[Event "Titled Tuesday Blitz April 18 Early 2023"]
[White "Fernandez Hernandez, Gerardo"]
[Black "Winkels, Marcel"]
[WhiteFideId "2207400"]
[BlackFideId "1003887"]
[WhiteElo "2188"]
[BlackElo "1900"]
[Result "0-1"]
[Round "06"]
[TimeControl "180+2"]
[Date "2023.04.18"]
[WhiteClock "0:00:01"]
[BlackClock "0:00:41"]

1. e4 c5 2. d3 d6 3. g3 Nc6 4. Bg2 g6 5. f4 Bg7 6. Nf3 e6 7. O-O Nge7 8. c3 O-O 9. Be3 Rb8 10. d4 cxd4 11. cxd4 d5 12. e5 Nf5 13. Bf2 Qb6 14. Qd2 Bd7 15. g4 Nfe7 16. Nc3 Rbc8 17. Rac1 Na5 18. b3 Qb4 19. Bh4 Rfe8 20. Bf6 Rc6 21. Qe3 Rec8 22. Ne2 Rxc1 23. Rxc1 Rxc1+ 24. Qxc1 Nec6 25. Qc3 Qxc3 26. Nxc3 Bf8 27. Bf1 Bb4 28. Na4 b6 29. Kf2 Bf8 30. Ke3 Nb4 31. Nc3 Nb7 32. Kd2 Nc6 33. Kc2 Nba5 34. Bd3 Nb4+ 35. Kd2 Nxd3 36. Kxd3 Nc6 37. Kd2 Nb4 0-1


[Site "https://www.chess.com"]

[Event "Titled Tuesday Blitz April 18 Early 2023"]
[White "Roebers, Jan"]
[Black "Chincholimath, Halsagar"]
[WhiteFideId "1007815"]
[BlackFideId "5022487"]
[WhiteElo "2188"]
[BlackElo "1737"]
[Result "0-1"]
[Round "06"]
[TimeControl "180+2"]
[Date "2023.04.18"]
[WhiteClock "0:00:55"]
[BlackClock "0:00:18"]

1. c4 e5 2. b3 Nc6 3. Bb2 f5 4. e3 Nf6 5. d4 exd4 6. exd4 Be7 7. Nf3 d6 8. d5 Nb8 9. Bd3 O-O 10. O-O Ne4 11. Nbd2 Bf6 12. Bxf6 Nxf6 13. Qc2 g6 14. Nd4 c6 15. dxc6 Nxc6 16. Nxc6 bxc6 17. Nf3 d5 18. Rfe1 Qd6 19. Rad1 Ba6 20. c5 Bxd3 21. Rxd3 Qf4 22. Qd2 Qc7 23. Nd4 Ne4 24. Qc2 Rae8 25. f3 Ng5 26. Rde3 Rxe3 27. Rxe3 Qf4 28. Qd2 Qh4 29. g3 Nh3+ 30. Kg2 Qh6 31. Re2 Ng5 32. h4 Nf7 33. Qxh6 Nxh6 34. Nxc6 f4 35. Ne7+ Kf7 36. c6 Nf5 37. c7 Nxe7 38. Rc2 Rc8 39. gxf4 d4 40. Rc4 d3 41. Rd4 Rxc7 42. Rxd3 Rc2+ 43. Kg3 Rxa2 44. h5 Kf6 45. hxg6 hxg6 46. Rd7 Nf5+ 47. Kg4 Rg2+ 48. Kh3 Rg3+ 49. Kh2 Rxf3 50. Rxa7 Rxb3 51. Ra6+ Kg7 0-1


[Site "https://www.chess.com"]

[Event "Titled Tuesday Blitz April 18 Early 2023"]
[White "Aanna12"]
[Black "Steenbekkers, Franck"]
[BlackFideId "1004220"]
[WhiteElo "2185"]
[BlackElo "2081"]
[Result "1/2-1/2"]
[Round "06"]
[TimeControl "180+2"]
[Date "2023.04.18"]
[WhiteClock "0:00:30"]
[BlackClock "0:01:01"]

1. e4 c5 2. Nc3 Nc6 3. Bb5 Nd4 4. Nf3 e6 5. O-O Nf6 6. e5 Nxb5 7. exf6 Nxc3 8. fxg7 Bxg7 9. dxc3 O-O 10. Qd6 Qb6 11. Qxb6 axb6 12. Bf4 d5 13. Bc7 b5 14. Bd6 Re8 15. Bxc5 Bd7 16. a3 e5 17. Rfe1 Bc6 18. Rad1 f5 19. Nd2 Rad8 20. Nb3 Re6 21. Bb6 Rde8 22. Na5 Bd7 23. Be3 f4 24. Rxd5 Bc6 25. Nxc6 bxc6 26. Rd7 fxe3 27. Rxe3 R8e7 28. Red3 e4 29. Rd2 Bh6 30. Rxe7 Rxe7 31. Rd6 Bf4 32. Rxc6 e3 33. fxe3 Bxe3+ 34. Kf1 Bc1 35. Rb6 Bxb2 36. Rxb5 Bxc3 37. a4 Re1+ 38. Kf2 Rc1 39. Ke3 Rxc2 40. Kd3 Rc1 41. Rc5 Bb2 42. Rxc1 Bxc1 43. a5 Ba3 44. Kc4 Bc1 45. a6 Be3 46. Kb5 Kg7 47. Kc6 Kg6 48. Kb7 Kg5 49. a7 Bxa7 50. Kxa7 Kf4 51. Kb6 Ke3 52. Kc5 h5 53. Kd5 Kf2 54. g3 Kg2 55. Ke4 Kxh2 56. Kf4 Kh3 57. Kf3 Kh2 58. Kf4 Kh3 59. Kf3 Kh2 60. Kf4 1/2-1/2


[Site "https://www.chess.com"]

[Event "Titled Tuesday Blitz April 18 Early 2023"]
[White "Korobov, Anton"]
[Black "Le, Tuan Minh"]
[WhiteFideId "14105730"]
[BlackFideId "12401153"]
[WhiteElo "2638"]
[BlackElo "2566"]
[Result "0-1"]
[Round "07"]
[TimeControl "180+2"]
[Date "2023.04.18"]
[WhiteClock "0:00:15"]
[BlackClock "0:00:08"]

1. d4 d5 2. c4 c6 3. cxd5 cxd5 4. Nc3 Nf6 5. Bg5 Ne4 6. Nxe4 dxe4 7. a3 Qa5+ 8. Bd2 Qb6 9. e3 e6 10. Ne2 Bd7 11. Nc3 Bc6 12. Qc2 f5 13. Bc4 Bd7 14. g4 Nc6 15. gxf5 exf5 16. Nd5 Qd8 17. Rg1 Rc8 18. Bc3 g6 19. O-O-O Bg7 20. Kb1 Ne7 21. Qb3 Nxd5 22. Bxd5 Qb6 23. Qxb6 axb6 24. Bxb7 Rc7 25. Bd5 Bf8 26. Bb3 Bd6 27. h4 f4 28. exf4 Bxf4 29. d5 Rxc3 30. bxc3 Ke7 31. Rge1 Kd6 32. Bc2 e3 33. fxe3 Bg3 34. e4 Re8 35. Rh1 Be5 36. Rd3 Rf8 37. c4 Rf2 38. Rdd1 Rf3 39. Rd3 Rf2 40. a4 Re2 41. Rb3 Kc5 42. Rf3 Bg4 43. Rf7 Re3 44. Ka2 Re2 45. Kb1 Re3 46. Ka2 Be2 47. Bb3 Bd3 48. Rf2 Bxe4 49. Rhf1 Kb4 0-1


[Site "https://www.chess.com"]

[Event "Titled Tuesday Blitz April 18 Early 2023"]
[White "Nakamura, Hikaru"]
[Black "Kovalenko, Igor"]
[WhiteFideId "2016192"]
[BlackFideId "14117908"]
[WhiteElo "2885"]
[BlackElo "2574"]
[Result "0-1"]
[Round "07"]
[TimeControl "180+2"]
[Date "2023.04.18"]
[WhiteClock "0:00:10"]
[BlackClock "0:00:15"]

1. Nf3 d5 2. e3 Nf6 3. c4 e6 4. Nc3 Bd6 5. b3 O-O 6. Bb2 Nbd7 7. Rc1 c5 8. cxd5 exd5 9. d4 b6 10. dxc5 Nxc5 11. Be2 Be6 12. O-O Rc8 13. Qd4 h6 14. Rfd1 Qe7 15. Qh4 Rfd8 16. Nb5 Bb8 17. Bxf6 Qxf6 18. Qxf6 gxf6 19. Nfd4 a6 20. Nc3 b5 21. f3 f5 22. g3 Kg7 23. Bf1 Kf6 24. Kf2 Bd6 25. Rc2 Nd7 26. Rdc1 Nb6 27. Bd3 Ba3 28. Rd1 Bb4 29. Nce2 Rxc2 30. Bxc2 Rc8 31. Nf4 Bd6 32. h4 Be5 33. Bd3 Bxf4 34. gxf4 Rc3 35. Ke2 Nc8 36. Kd2 Rc7 37. Ra1 Nb6 38. Rg1 Rc8 39. a3 Nd7 40. Rb1 Nb6 41. Bf1 Kg6 42. Be2 Kf6 43. Ke1 Kg6 44. Bd3 Kf6 45. Ne2 Ke7 46. Kf2 Kf6 47. Nd4 Kg6 48. Ra1 Kf6 49. a4 bxa4 50. bxa4 a5 51. Bb5 Rc3 52. Ke2 Nc4 53. Bxc4 dxc4 54. Ra2 Bd7 55. Rc2 Rxc2+ 56. Nxc2 Bxa4 57. Nd4 Kg6 58. Kd2 Bd7 59. e4 fxe4 60. fxe4 Kh5 61. f5 f6 62. Kc3 Kxh4 63. e5 fxe5 64. Nf3+ Kh5 65. f6 Be6 66. Nxe5 a4 67. f7 Bxf7 68. Nxf7 a3 69. Ne5 Kg5 70. Nxc4 a2 71. Kb2 Kf4 72. Nb6 h5 73. Nd5+ Kf3 74. Ne7 h4 75. Ng6 h3 76. Ne5+ Kg3 77. Kxa2 h2 78. Nc4 h1=Q 79. Kb3 Qd5 80. Kc3 Kf3 81. Nd2+ Ke2 82. Nc4 Qc5 83. Kb3 Kd3 84. Nb2+ 0-1


[Site "https://www.chess.com"]

[Event "Titled Tuesday Blitz April 18 Early 2023"]
[White "Bacallao Alonso, Yusnel"]
[Black "Lazavik, Denis"]
[WhiteFideId "3507416"]
[BlackFideId "13515110"]
[WhiteElo "2561"]
[BlackElo "2560"]
[Result "0-1"]
[Round "07"]
[TimeControl "180+2"]
[Date "2023.04.18"]
[WhiteClock "0:00:14"]
[BlackClock "0:00:04"]

1. d4 Nf6 2. Nf3 d5 3. c4 e6 4. Nc3 h6 5. Bf4 Bd6 6. Bg3 O-O 7. e3 b6 8. cxd5 exd5 9. Rc1 a6 10. Bd3 Bb7 11. Bh4 Nbd7 12. O-O Re8 13. Bf5 Nf8 14. Qb3 Be7 15. Ne5 Nh5 16. Bxe7 Rxe7 17. Bg4 Nf6 18. Bf3 Ne6 19. Rfd1 Qd6 20. Be2 Ng5 21. Bd3 c5 22. Qa3 Qd8 23. b3 cxd4 24. exd4 Ne6 25. Nf3 Nf4 26. Bf1 Ne4 27. Ne5 Re6 28. Ne2 Qh4 29. g3 Nxe2+ 30. Bxe2 Qf6 31. f3 Nd6 32. Rc7 Rae8 33. Qb4 b5 34. Bd3 R6e7 35. Rdc1 Qe6 36. Rxe7 Qxe7 37. Kg2 Bc8 38. Rc6 Rd8 39. Qc5 Bb7 40. Rc7 Qe6 41. Qb6 Bc8 42. Rc6 Qe7 43. Rc7 Qe8 44. Qc6 Qf8 45. Qc5 Bf5 46. Bf1 Be6 47. Nc6 Re8 48. Ne7+ Rxe7 49. Qxd6 Rxc7 50. Qxc7 Qa3 51. Bd3 Qxa2+ 52. Bc2 Bf5 0-1


[Site "https://www.chess.com"]